 Dungeon Crawl Stone Soup version 0.30.0 (webtiles) character file.

Game seed: 922400481401184846

1491 mdmota the Chopper (level 9, -3/65 HPs)
             Began as a Djinni Chaos Knight on Dec 29, 2023.
             Was a Plaything of Xom.
             Slain by Prince Ribbit the meliai (6 damage)
             ... on level 5 of the Dungeon.
             The game lasted 00:23:45 (6677 turns).

mdmota the Chopper (Djinni Chaos Knight)            Turns: 6677, Time: 00:23:46

Health: -3/65      AC:  7    Str: 17    XL:     9   Next: 7%
Gold:   3          EV: 12    Int: 19    God:    Xom [..*...] SH:  3 Dex: 12

rFire   + + +        v - +0 war axe
rCold   x . .        J - +0 buckler
rNeg    + . .        b - +2 leather armour
rPois   ∞            (no helmet)
rElec   .            o - +1 cloak {Will+}
rCorr   .            t - +0 pair of gloves
SInv    .            (boots unavailable)
Will    +....        p - amulet of regeneration
Stlth   ++           d - +6 ring of strength
HPRegen 1.10/turn    k - ring of positive energy
MPRegen 0.00/turn

%: infuse magic (-4 HP)
@: flying
A: sickness immunity, fire resistance 3, cold vulnerability 1, float, innate
caster, HP casting, extra vitality 1, deformed body, subdued magic 1
a: Renounce Religion


You were on level 5 of the Dungeon.
You worshipped Xom.
You were a toy of Xom.
You visited 2 branches of the dungeon, and saw 8 of its levels.

You collected 389 gold pieces.
You spent 386 gold pieces at shops.

Inventory:

Hand Weapons
 a - a +0 hand axe of chaos
 v - a +0 war axe (weapon)
 x - a +0 flail of protection
 B - the +0 hand axe of the Endless March {holy, Int+3}
   (You bought it in a shop on level 1 of the Dungeon)

   Int:       It affects your intelligence (+3).
 M - the +7 falchion of Coovem {heavy, rElec Dex+3}
   (You found it on level 7 of the Dungeon)

   Dex:       It affects your dexterity (+3).
   rElec:     It insulates you from electricity.
Missiles
 s - 4 datura-tipped darts
 A - 4 poisoned darts
 P - 2 throwing nets
Armour
 b - a +2 leather armour (worn)
 o - a +1 cloak of willpower (worn)
 t - a +0 pair of gloves (worn)
 u - an orb of light
 J - a +0 buckler (worn)
 L - a +1 leather armour of fire resistance
Magical Staves
 f - a staff of air
Jewellery
 d - a +6 ring of strength (left hand)
 k - a ring of positive energy (right hand)
 p - an amulet of regeneration (around neck)
 y - a ring of resist corrosion
Scrolls
 e - a scroll of torment
 g - 2 scrolls of blinking
 h - a scroll of fog
 l - 3 scrolls of enchant weapon
 w - a scroll of vulnerability
 E - 3 scrolls of teleportation
 G - 3 scrolls of fear {unknown}
 K - a scroll of butterflies {unknown}
 N - a scroll of magic mapping {unknown}
 O - a scroll of enchant armour {unknown}
Potions
 i - a potion of mutation {unknown}
 j - 2 potions of might {unknown}
 m - a potion of resistance {unknown}
 n - 6 potions of heal wounds {unknown}
 r - 2 potions of haste {unknown}
 z - a potion of ambrosia {unknown}
 C - a potion of berserk rage
 D - a potion of flight {unknown}
 H - 2 potions of curing
 I - a potion of degeneration {unknown}
 Q - a potion of brilliance {unknown}
Miscellaneous
 c - a piece from Xom's chessboard (15/15) (quivered)


   Skills:
 * Level 5.4 Fighting
 + Level 5.5 Axes
 + Level 3.2 Armour
 + Level 3.2 Dodging
 + Level 1.9 Stealth
 + Level 0.8 Shields
 * Level 4.1 Spellcasting


You knew the following spells:

 Your Spells              Type           Power      Damage    Failure   Level
a - Foxfire               Conj/Fire      60%        2x1d7     2%          1
b - Static Discharge      Conj/Air       30%        2-4/arc   4%          2
c - Blink                 Tloc           30%        N/A       4%          2
d - Animate Armour        Summ/Erth      30%        N/A       32%         4
Your spell library was empty.

Dungeon Overview and Level Annotations

Branches:
Dungeon (7/15)             Temple (1/1) D:4

Altars:
Ashenzari
Cheibriados
Dithmenos
Elyvilon
Fedhas
Gozag
Makhleb
Nemelex Xobeh
Okawaru
Uskayaw
Wu Jian
Xom
Yredelemnul

Shops:
D:1 *   D:2 [   D:4 [(   D:6 !

Annotations:
D:5 Prince Ribbit, Sigmund


Innate Abilities, Weirdness & Mutations

You are immune to sickness and miasma.
You are immune to poison.
Your flesh is almost immune to the effects of heat. (rF+++)
You are vulnerable to cold. (rC-)
You float through the air rather than walking.
You learn spells naturally, not from books.
Your magical power is your life essence.
You have superior vitality. (+4 MHP)
Armour fits poorly on your strangely shaped body.
Your spells are a little easier to cast, but a little less powerful.


Message History

Unknown command.
Casting: Foxfire (safe; 2% risk of failure)
Confirm with . or Enter, or press ? or * to list all spells.
You conjure some foxfire!
The foxfire hits Prince Ribbit.
Prince Ribbit is moderately wounded.
The foxfire hits Prince Ribbit.
Prince Ribbit is moderately wounded.
Prince Ribbit hits you. Prince Ribbit stings you.
You slash Prince Ribbit!
Prince Ribbit is severely wounded.
The foxfire hits Prince Ribbit.
Prince Ribbit is almost dead.
The foxfire hits Prince Ribbit.
Prince Ribbit is almost dead.
Prince Ribbit closely misses you. x2
Prince Ribbit mumbles some strange prayers to its god against you.
Something smites you!
Prince Ribbit calls down the wrath of its god upon you.
Something smites you!
You hit Prince Ribbit but do no damage.
Prince Ribbit is almost dead.
Prince Ribbit calls down the wrath of its god upon you.
Something smites you!
Prince Ribbit mumbles some strange prayers to its god against you.
Something smites you!
* * * LOW HITPOINT WARNING * * *
You barely miss Prince Ribbit.
Prince Ribbit is almost dead.
Prince Ribbit barely misses you. Prince Ribbit stings you.
* * * LOW HITPOINT WARNING * * *
Prince Ribbit hits you but does no damage.
Prince Ribbit stings you.
* * * LOW HITPOINT WARNING * * *
Prince Ribbit calls down the wrath of its god upon you.
Something smites you!
* * * LOW HITPOINT WARNING * * *
You hit Prince Ribbit but do no damage.
Prince Ribbit is almost dead.
Prince Ribbit closely misses you. Prince Ribbit stings you.
You die...

........##.. #...........
#.#.#...##. ###.#.......
.........## ####......
..####...... #!.#....
....#.......# ###..#
....#........###....##
#....................#
..........##........###.
#.#.............@.......
.........#.#.....y..##..
#...)......^.>......#
.....##..#.#........###
....###...............#
....#.##..............#
..............†......#..#
.....##...###..<........#
......#... #...#.......#


You could see Prince Ribbit the meliai.

Vanquished Creatures
  A water moccasin (D:7)
  2 black bears
  A sky beast (D:7)
  An ice beast (D:5)
  An ogre (D:6)
  A bullfrog (D:7)
  2 scorpions
  2 howler monkeys
  4 hounds
  2 jellies
  2 orc priests
  Crazy Yiuf (D:3)
  Jessica (D:3)
  2 iguanas
  2 sleepcaps (D:5)
  2 orc wizards (D:5)
  6 adders
  3 gnolls (D:5)
  2 shadow imps
  3 white imps
  3 ufetubi
  2 worms
  6 dart slugs
  12 orcs
  3 ball pythons
  2 bats (D:1)
  6 endoplasms
  6 giant cockroaches
  7 hobgoblins
  9 jackals
  2 quokkas
  A frilled lizard (D:2)
  6 goblins
  3 kobolds
  2 rats
111 creatures vanquished.

Vanquished Creatures (collateral kills)
  2 foxfires (D:5)
2 creatures vanquished.

Vanquished Creatures (others)
  185 foxfires
  7 plants
192 creatures vanquished.

Grand Total: 305 creatures vanquished

Notes
Turn   | Place    | Note
-------+----------+-------------------------------------------
     0 | D:1      | mdmota the Djinni Chaos Knight began the quest for the Orb.
     0 | D:1      | Reached XP level 1. HP: 20/20 MP: 0/0
   137 | D:1      | Reached XP level 2. HP: 25/25 MP: 0/0
   188 | D:2      | Found Ruxumodghoff's Antique Armour Emporium.
   379 | D:1      | Found Irahuaclue's Assorted Antiques.
   392 | D:1      | XOM: silly message
   445 | D:1      | Reached XP level 3. HP: 30/30 MP: 0/0
   445 | D:1      | Learned a level 1 spell: Foxfire
   727 | D:1      | XOM: silly message
  1013 | D:2      | XOM: cast spell 'Summon Small Mammal'
  1051 | D:2      | XOM: silly message
  1360 | D:3      | Reached XP level 4. HP: 35/35 MP: 0/0
  1414 | D:3      | Noticed Jessica
  1655 | D:4      | Reached skill level 1 in Spellcasting
  1655 | D:4      | Reached XP level 5. HP: 30/40 MP: 0/0
  1655 | D:4      | Learned a level 2 spell: Static Discharge
  1736 | D:4      | Found Sosuisuf's Armour Shop.
  1955 | D:4      | XOM: give mutation
  1955 | D:4      | Gained mutation: Your flesh is almost immune to the effects
                  | of heat. (rF+++) [Xom's grace]
  2239 | D:3      | Killed Jessica
  2240 | D:3      | Reached skill level 1 in Stealth
  2240 | D:3      | Reached XP level 6. HP: 47/47 MP: 0/0
  2461 | D:3      | XOM: 11-stop teleportation journey
  2538 | D:3      | XOM: 2-stop teleportation journey
  2725 | D:3      | XOM: silly message
  2805 | D:3      | XOM: silly message
  2814 | D:3      | Found a runed translucent door.
  2815 | D:3      | Noticed Crazy Yiuf
  2975 | D:3      | XOM: silly message
  3009 | D:2      | XOM: silly message
  3041 | D:1      | Bought a dazzling hand axe for 200 gold pieces
  3041 | D:1      | Identified the +0 hand axe of the Endless March {holy,
                  | Int+3} (You bought it in a shop on level 1 of the Dungeon)
  3222 | D:4      | Found a staircase to the Ecumenical Temple.
  3231 | Temple   | Entered the Ecumenical Temple
  3347 | D:4      | XOM: silly message
  3400 | D:4      | XOM: polymorph hobgoblin -> adder
  3432 | D:4      | Found Ximeel's Weapon Shop.
  3438 | D:4      | Reached XP level 7. HP: 51/52 MP: 0/0
  3438 | D:4      | Learned a level 2 spell: Blink
  3739 | D:5      | Entered Level 5 of the Dungeon
  3837 | D:5      | Noticed Sigmund
  3879 | D:5      | XOM: scenery: summon butterflies
  3927 | D:4      | XOM: summons 4 hostile demons
  4017 | D:5      | XOM: smoke on damage
  4180 | D:6      | Found Ecikotti's Distillery.
  4183 | D:6      | Bought a potion of curing for 39 gold pieces
  4485 | D:5      | Found a hide-covered altar of Uskayaw.
  4623 | D:6      | Found a basalt altar of Yredelemnul.
  4634 | D:6      | Found an iron altar of Okawaru.
  4872 | D:7      | Reached skill level 5 in Axes
  4872 | D:7      | Reached XP level 8. HP: 34/58 MP: 0/0
  5364 | D:7      | Reached skill level 5 in Fighting
  5438 | D:7      | XOM: summons 2 hostile shadow creatures
  5602 | D:7      | Identified the +7 falchion of Coovem {heavy, rElec Dex+3}
  5851 | D:5      | Noticed Prince Ribbit
  5937 | D:1      | Bought a scroll labelled VIUFEOSUNG for 25 gold pieces
  5937 | D:1      | Bought a scroll labelled NYCROSUWOQ for 25 gold pieces
  5937 | D:1      | Bought a scroll labelled KUNKUJ OHERER for 25 gold pieces
  5937 | D:1      | Bought a scroll labelled LOWIUSS MEFAC for 25 gold pieces
  5937 | D:1      | Bought a scroll labelled OFU UFIHIOQARGH for 25 gold pieces
  6118 | D:5      | Found a snail-covered altar of Cheibriados.
  6152 | D:5      | XOM: give mutations
  6152 | D:5      | Gained mutation: Armour fits poorly on your strangely
                  | shaped body. [Xom's mischief]
  6152 | D:5      | Gained mutation: Your spells are a little easier to cast,
                  | but a little less powerful. [Xom's mischief]
  6268 | D:1      | Bought a lumpy cyan potion for 22 gold pieces
  6481 | D:3      | Killed Crazy Yiuf
  6643 | D:5      | XOM: 3-stop teleportation journey
  6651 | D:5      | Reached XP level 9. HP: 64/65 MP: 0/0
  6651 | D:5      | Learned a level 4 spell: Animate Armour
  6671 | D:5      | Prince Ribbit changed into Prince Ribbit the meliai
  6671 | D:5      | Noticed Prince Ribbit
  6671 | D:5      | XOM: polymorph Prince Ribbit -> Prince Ribbit the meliai
  6676 | D:5      | HP: 2/65 [Prince Ribbit the meliai/divine providence (11)]
  6677 | D:5      | Slain by Prince Ribbit the meliai

Illustrated notes

Levels and vault maps discovered:
D:1:      dreamdust_arrival_beginning_and_end, layout_basic, serial_shops,
          nicolae_shop_crystal, minmay_distorted
D:2:      layout_basic, serial_bayou, serial_bayou_crossing,
          serial_bayou_pond_e, serial_bayou_shore_a, serial_bayou_pond_c,
          serial_shops, nicolae_shop_tiny_waterfront
D:3:      layout_loops_corners, palyth_stone_intersect, minmay_misc_feat_x,
          moated_statue, item_on_display_a, uniq_crazy_yiuf_cottage,
          uniq_jessica
D:4:      layout_basic, minmay_temple_entry_drinking_statues, serial_shops,
          nicolae_lakefront_shop, shop, minivault_26, minmay_parallelograms
D:5:      layout_cave_pools, nicolae_overflow_hidden_temple,
          beargit_hepliaklqana_dungeon_heroes, mainiacjoe_overflow_boulevard,
          serial_glass, glass_columns_b, glass_columns_a, glass_columns_c,
          glass_columns_a, glass_columns_c, glass_columns_a, glass_columns_c,
          glass_columns_c, hangedman_abyss_or_decor_slice,
          serial_bayou_lagoon_b, uniq_prince_ribbit1, uniq_sigmund
D:6:      layout_gridville, minitemple, serial_shops, nicolae_shop_behind_doors
D:7:      layout_basic
Temple:   nicolae_temple_no_exploring_needed

Skill      XL: |  1  2  3  4  5  6  7  8  9 |
---------------+----------------------------+-----
Axes           | 3 4 5 |  5.5
Armour         | 2 3 |  3.2
Spellcasting   | 1 2 3 4 |  4.1
Stealth        | 1 |  1.9
Fighting       | 4 5 |  5.4
Dodging        | 3 |  3.2
Shields        | |  0.8

Action                     |  1- 3 |  4- 6 |  7- 9 || total
---------------------------+-------+-------+-------++-------
  Melee: Hand axe          |    87 |    53 |       ||   140
         War axe           |       |    71 |   113 ||   184
   Cast: Foxfire           |       |     7 |   106 ||   113
  Evoke: Piece from Xom's  |       |       |     1 ||     1
    Use: Scroll            |       |       |     8 ||     8
   Stab: Paralysed         |     1 |     2 |       ||     3
         Sleeping          |       |     1 |     1 ||     2
 Armour: Leather armour    |    23 |    43 |    33 ||    99
  Dodge: Dodged            |    49 |    69 |    76 ||   194
  Block: Buckler           |       |       |    12 ||    12
